[Event "Titled Tuesday Blitz August 1 Early 2023"]
[White "Viskelis, Darius"]
[Black "Castaneda, Jhon David"]
[WhiteFideId "12800830"]
[BlackFideId "4405048"]
[WhiteElo "2352"]
[BlackElo "2550"]
[Result "0-1"]
[Round "3"]
[TimeControl "180+1"]
[Date "2023.08.01"]
[WhiteClock "0:00:00"]
[BlackClock "0:00:06"]
[Board "157"]

1. e4 c5 2. Nf3 Nc6 3. Bb5 g6 4. O-O Nf6 5. Re1 Bg7 6. c3 O-O 7. h3 a6 8. Bxc6 bxc6 9. d4 cxd4 10. cxd4 d6 11. Nc3 Rb8 12. Qc2 h6 13. Bf4 Qa5 14. e5 Bf5 15. Qd2 Nd5 16. Nxd5 Qxd5 17. Bxh6 Bxh3 18. b3 Bg4 19. Bxg7 Kxg7 20. Ng5 Bf5 21. Qf4 Rb4 22. Rad1 a5 23. Re3 c5 24. g4 Bc2 25. Rh3 Rxd4 26. Rh7+ Kg8 27. Rh8+ Kg7 28. Rxd4 cxd4 29. Rh7+ Kg8 30. Rh8+ Kg7 31. Rh7+ Kg8 32. Qh2 Qxe5 33. Qh6 Qe1+ 34. Kg2 Be4+ 35. Nxe4 Qxe4+ 36. Kf1 Qe5 37. g5 d3 0-1


[Site "https://www.chess.com"]

[Event "Titled Tuesday Blitz August 1 Early 2023"]
[White "Eynullayev, Altay"]
[Black "Nithyalakshmi, Sivanesan"]
[WhiteFideId "13413562"]
[BlackFideId "5706955"]
[WhiteElo "2548"]
[BlackElo "2346"]
[Result "0-1"]
[Round "3"]
[TimeControl "180+1"]
[Date "2023.08.01"]
[WhiteClock "0:00:09"]
[BlackClock "0:00:15"]
[Board "158"]

1. e4 e6 2. d4 d5 3. e5 Bd7 4. Nf3 a6 5. a4 c5 6. c3 c4 7. Be2 Nc6 8. Bg5 Be7 9. h4 h6 10. Bf4 b5 11. h5 Na5 12. axb5 axb5 13. Nbd2 b4 14. O-O b3 15. g4 g5 16. hxg6 fxg6 17. Qb1 Kf7 18. Kg2 g5 19. Bg3 Bf8 20. Nh2 Kg7 21. f4 gxf4 22. Rxf4 Be7 23. Qf1 Qe8 24. Nhf3 Bg5 25. Nxg5 hxg5 26. Rf6 Nxf6 27. exf6+ Kf7 28. Nf3 Qf8 29. Ne5+ Ke8 30. Qf3 Qh6 31. Bxc4 Qh3+ 32. Kf2 Ra7 33. Nxd7 Kxd7 34. Bb5+ Kd8 35. f7 Rf8 36. Qf6+ Kc8 37. Qxe6+ Kd8 38. Rxa5 Rfxf7+ 39. Qf5 Rxf5+ 40. gxf5 Rxa5 41. Bd3 Ra7 42. f6 Qg4 43. Be5 Rf7 44. Bg6 Rf8 45. f7 Ke7 46. c4 dxc4 47. Ke3 Qh3+ 48. Ke4 Qe6 49. d5 Qxg6+ 50. Kd4 Qxf7 51. Kc5 Kd8 52. d6 Qd7 53. Bd4 Rf5+ 54. Kb4 Qxd6+ 55. Kxc4 Qc6+ 0-1


[Site "https://www.chess.com"]

[Event "Titled Tuesday Blitz August 1 Early 2023"]
[White "Nosacheva, Mariya"]
[Black "Andreev, Konstantin"]
[WhiteFideId "34111422"]
[BlackFideId "24239305"]
[WhiteElo "2345"]
[BlackElo "2548"]
[Result "1-0"]
[Round "3"]
[TimeControl "180+1"]
[Date "2023.08.01"]
[WhiteClock "0:02:10"]
[BlackClock "0:01:06"]
[Board "159"]

1. e4 c5 2. Nf3 e6 3. d4 cxd4 4. Nxd4 Nc6 5. Nb5 d6 6. c4 Nf6 7. N5c3 Be7 8. Bd3 O-O 9. O-O Qc7 10. b3 a6 11. Bb2 b6 12. Nd2 Bb7 13. f4 Rac8 14. Rc1 Nd7 15. Bb1 Nc5 16. Qg4 Bf6 17. Nd5 Bxb2 18. Nxc7 Bxc1 19. Nxe6 Bxd2 20. Qxg7# 1-0


[Site "https://www.chess.com"]

[Event "Titled Tuesday Blitz August 1 Early 2023"]
[White "Bruedigam, Martin"]
[Black "Vemparala, Nikash"]
[WhiteFideId "24608033"]
[BlackFideId "30960967"]
[WhiteElo "2546"]
[BlackElo "2340"]
[Result "0-1"]
[Round "3"]
[TimeControl "180+1"]
[Date "2023.08.01"]
[WhiteClock "0:00:05"]
[BlackClock "0:00:31"]
[Board "160"]

1. d4 Nf6 2. c4 e6 3. Nc3 d5 4. cxd5 exd5 5. Bg5 Be7 6. e3 h6 7. Bh4 c6 8. Bd3 O-O 9. Qc2 Re8 10. Nf3 Ne4 11. Bxe7 Qxe7 12. O-O Nd7 13. Rab1 Ndf6 14. b4 Bf5 15. a4 a5 16. b5 Rac8 17. b6 c5 18. Qb2 cxd4 19. Nb5 dxe3 20. fxe3 Bh7 21. Nc7 Red8 22. Nd4 Ne8 23. Ndb5 Qc5 24. Qd4 Qxd4 25. exd4 Nd2 26. Bxh7+ Kxh7 27. Rbd1 Nxf1 28. Rxf1 Nxc7 29. bxc7 Rd7 30. Re1 Rdxc7 31. Nxc7 Rxc7 32. Rb1 Rc4 33. Rxb7 Rxd4 34. Rb5 Rxa4 35. Rxd5 Ra2 36. Rd7 Kg6 37. Ra7 a4 38. Ra5 a3 39. h3 Ra1+ 40. Kh2 a2 41. Kg3 f5 42. Ra4 Kf6 43. Ra6+ Ke5 44. Ra5+ Kd4 45. Ra4+ Kc3 46. Ra8 g5 47. Kh2 Kd3 48. Kg3 Ke2 49. Kh2 Kf2 50. Ra3 f4 51. Rf3+ Ke2 52. Ra3 Kd2 53. Ra8 h5 54. Ra5 g4 55. Ra3 g3+ 0-1


[Site "https://www.chess.com"]

[Event "Titled Tuesday Blitz August 1 Early 2023"]
[White "Remolar Gallen, Jose"]
[Black "Kaminski, Victor"]
[WhiteFideId "2215187"]
[BlackFideId "1131630"]
[WhiteElo "2545"]
[BlackElo "2329"]
[Result "1-0"]
[Round "3"]
[TimeControl "180+1"]
[Date "2023.08.01"]
[WhiteClock "0:00:20"]
[BlackClock "0:00:00"]
[Board "161"]

1. e4 e5 2. Nf3 Nc6 3. Bb5 a6 4. Ba4 Nf6 5. d3 b5 6. Bb3 Bc5 7. O-O d6 8. a4 Rb8 9. axb5 axb5 10. h3 h6 11. c3 O-O 12. Re1 Be6 13. Bc2 d5 14. exd5 Nxd5 15. Nxe5 Nxe5 16. Rxe5 Bxf2+ 17. Kh1 Bg3 18. Re4 Bf5 19. Qf3 Bxe4 20. dxe4 Nf6 21. Qxg3 Nxe4 22. Qf3 f5 23. Be3 Qe7 24. Nd2 Rbe8 25. Nf1 Nd6 26. Bd4 Qf7 27. Ra7 Re7 28. Ne3 Rfe8 29. Nd5 Re1+ 30. Kh2 Kh8 31. Rxc7 Qg6 32. Nf4 Qg5 33. Rxg7 Qxg7 34. Bxg7+ Kxg7 35. Qd5 R8e7 36. Qxd6 1-0


[Site "https://www.chess.com"]

[Event "Titled Tuesday Blitz August 1 Early 2023"]
[White "Ganiev, Roman"]
[Black "Fuzesabonyilaci"]
[WhiteFideId "4131452"]
[WhiteElo "2544"]
[BlackElo "2324"]
[Result "1-0"]
[Round "3"]
[TimeControl "180+1"]
[Date "2023.08.01"]
[WhiteClock "0:00:10"]
[BlackClock "0:00:06"]
[Board "162"]

1. e4 e6 2. d4 d5 3. Nc3 dxe4 4. Nxe4 Nf6 5. Bg5 Be7 6. Bxf6 Bxf6 7. Nf3 b6 8. c3 Bb7 9. Bd3 Nd7 10. Qe2 Qe7 11. O-O-O O-O-O 12. Ba6 Kb8 13. Bxb7 Kxb7 14. Rhe1 c6 15. Kb1 Nb8 16. g4 h6 17. h3 Bg5 18. Ne5 Bf4 19. Qf3 g5 20. Nd3 Bc7 21. Qf6 Qxf6 22. Nxf6 Nd7 23. Nh5 c5 24. dxc5 Nxc5 25. Nxc5+ bxc5 26. Nf6 Bf4 27. Ne4 Kc6 28. Kc2 h5 29. Rxd8 Rxd8 30. gxh5 Rh8 31. f3 Rxh5 32. Rh1 f5 33. Nf2 Bg3 34. Nd3 Bd6 35. c4 g4 36. fxg4 fxg4 37. Nf2 g3 38. Ne4 Be5 39. b3 Rf5 40. Rg1 Rf3 41. Rg2 Re3 42. Nd2 Bd4 43. Nf1 Rc3+ 44. Kd2 Be5 45. Ne3 Kd6 46. Rxg3 Rxb3 47. axb3 Bxg3 48. Kd3 Ke5 49. Ng4+ Kf4 50. Nf6 Bf2 51. Ne4 Bd4 52. h4 e5 53. Ng5 Kg4 54. Ke4 Kxh4 55. Nf7 Kg4 56. Nxe5+ Kg3 57. Nc6 Bf2 58. Nxa7 Kg4 59. Kd5 Kf5 60. Nc8 Kf6 61. Nd6 Ke7 62. Nb7 Kd7 63. Nxc5+ Kc7 64. b4 Be1 65. Nd3 Bd2 66. c5 Kb7 67. Kc4 Kc6 68. b5+ Kc7 69. Kd5 Be3 70. b6+ Kb7 71. Ne5 Bf4 72. Nc4 Bg5 73. c6+ Kb8 74. c7+ Kb7 75. Nd6+ Kxb6 76. c8=Q 1-0


[Site "https://www.chess.com"]

[Event "Titled Tuesday Blitz August 1 Early 2023"]
[White "SicilianPanzer"]
[Black "Womacka, Mathias"]
[BlackFideId "4611390"]
[WhiteElo "2314"]
[BlackElo "2543"]
[Result "0-1"]
[Round "3"]
[TimeControl "180+1"]
[Date "2023.08.01"]
[WhiteClock "0:00:06"]
[BlackClock "0:00:03"]
[Board "163"]

1. e4 c5 2. Nf3 d6 3. d4 cxd4 4. Nxd4 Nf6 5. Nc3 a6 6. Be3 e5 7. Nb3 Be7 8. h3 Be6 9. Qf3 Nbd7 10. g4 h6 11. O-O-O b5 12. Nd5 Bxd5 13. exd5 Rc8 14. Kb1 Nb6 15. h4 Qc7 16. Bxb6 Qxb6 17. g5 hxg5 18. hxg5 Rxh1 19. Qxh1 Qxf2 20. Bd3 Ng4 21. Rf1 Qh2 22. Qf3 Qh4 23. Bf5 Nh2 24. Qg2 Nxf1 25. Bxc8 Qe1+ 26. Nc1 Nd2+ 27. Qxd2 Qxd2 28. Bxa6 Bxg5 29. Bxb5+ Ke7 30. a4 Qxc1+ 31. Ka2 Qxc2 32. a5 Qc5 33. Bc6 Qxa5+ 34. Kb3 Be3 35. Kc4 Bd4 36. b4 Qb6 37. b5 g5 38. Kb3 g4 39. Ka4 0-1


[Site "https://www.chess.com"]

[Event "Titled Tuesday Blitz August 1 Early 2023"]
[White "Gauri, Shankar"]
[Black "Antonio, Jorge Carlos"]
[WhiteFideId "5041350"]
[BlackFideId "113190"]
[WhiteElo "2542"]
[BlackElo "2313"]
[Result "1-0"]
[Round "3"]
[TimeControl "180+1"]
[Date "2023.08.01"]
[WhiteClock "0:00:59"]
[BlackClock "0:01:05"]
[Board "164"]

1. e4 c5 2. Nf3 e6 3. g3 Nc6 4. Bg2 d6 5. O-O g6 6. d4 cxd4 7. Nxd4 Bg7 8. Be3 Nge7 9. Nc3 O-O 10. Ndb5 Qa5 11. Qxd6 Bxc3 12. Nxc3 Rd8 13. Qf4 b6 14. Qf6 Ba6 15. Rfd1 Qe5 16. Bg5 Qxf6 17. Bxf6 Rxd1+ 18. Rxd1 Kf8 19. e5 Nb4 20. Bxa8 1-0


[Site "https://www.chess.com"]

[Event "Titled Tuesday Blitz August 1 Early 2023"]
[White "Al-Tarboush, Ward"]
[Black "Freile Martin, Javier"]
[WhiteFideId "7601450"]
[BlackFideId "3600165"]
[WhiteElo "2541"]
[BlackElo "2312"]
[Result "1-0"]
[Round "3"]
[TimeControl "180+1"]
[Date "2023.08.01"]
[WhiteClock "0:02:40"]
[BlackClock "0:02:00"]
[Board "165"]

1. e4 c5 2. Nf3 d6 3. d4 cxd4 4. Nxd4 Nf6 5. Nc3 Bd7 6. Bg5 e6 7. Qd2 a6 8. O-O-O Nc6 9. f4 Qc7 10. Bxf6 gxf6 11. f5 h5 12. fxe6 Bh6 13. Nd5 Qd8 14. exd7+ Kxd7 15. Ne3 1-0


[Site "https://www.chess.com"]

[Event "Titled Tuesday Blitz August 1 Early 2023"]
[White "Georg, Heinz"]
[Black "Streltsov, Alexey"]
[WhiteFideId "4607295"]
[BlackFideId "24104434"]
[WhiteElo "2310"]
[BlackElo "2540"]
[Result "1-0"]
[Round "3"]
[TimeControl "180+1"]
[Date "2023.08.01"]
[WhiteClock "0:00:42"]
[BlackClock "0:01:12"]
[Board "166"]

1. e4 g6 2. d4 Bg7 3. Nc3 d6 4. f4 b6 5. Nf3 Bb7 6. Bd3 Nd7 7. O-O e6 8. Be3 Ne7 9. f5 exf5 10. exf5 Nxf5 11. Bxf5 gxf5 12. Qd3 Qf6 13. Bg5 Qg6 14. Rae1+ Kf8 15. Be7+ Kg8 16. Nh4 Qg4 17. Qxf5 Bxd4+ 18. Kh1 Qxf5 19. Nxf5 Bxc3 20. bxc3 h5 21. Re3 Rh7 22. Bh4 f6 23. Rfe1 Rf7 24. Nh6+ 1-0


[Site "https://www.chess.com"]

[Event "Titled Tuesday Blitz August 1 Early 2023"]
[White "Fonseca Manrique, Enrique"]
[Black "Ziatdinov, Raset"]
[WhiteFideId "5114330"]
[BlackFideId "2015323"]
[WhiteElo "2538"]
[BlackElo "2310"]
[Result "1-0"]
[Round "3"]
[TimeControl "180+1"]
[Date "2023.08.01"]
[WhiteClock "0:00:15"]
[BlackClock "0:00:03"]
[Board "167"]

1. e4 e6 2. d4 d5 3. Nc3 Nf6 4. Bg5 Be7 5. e5 Nfd7 6. h4 Bxg5 7. hxg5 Qxg5 8. Nh3 Qe7 9. Qh5 g6 10. Qh6 Nc6 11. O-O-O Qf8 12. Ng5 Qxh6 13. Rxh6 Nf8 14. f4 Bd7 15. Be2 Ke7 16. g4 f6 17. Nf3 Kf7 18. Rdh1 a6 19. Nd1 f5 20. gxf5 exf5 21. Ne3 Ne7 22. c4 c6 23. Ng5+ Kg7 24. Bf3 Ne6 25. Rxh7+ Rxh7 26. Rxh7+ Kf8 27. Rh8+ Ng8 28. Nxe6+ Bxe6 29. cxd5 cxd5 30. Nxd5 Kg7 31. Rh2 Rc8+ 32. Rc2 Rd8 33. Nc7 Bxa2 34. d5 Kf7 35. Rc3 a5 36. b3 a4 37. bxa4 Rc8 38. Kb2 Ne7 39. Kxa2 g5 40. fxg5 Kg6 41. d6 Nc6 42. Bxc6 bxc6 43. Rxc6 Kxg5 44. d7 Rd8 45. Ne6+ 1-0


[Site "https://www.chess.com"]

[Event "Titled Tuesday Blitz August 1 Early 2023"]
[White "Vlassov, Nikolai"]
[Black "Xavier_mompel"]
[WhiteFideId "4103360"]
[WhiteElo "2537"]
[BlackElo "2289"]
[Result "1-0"]
[Round "3"]
[TimeControl "180+1"]
[Date "2023.08.01"]
[WhiteClock "0:01:04"]
[BlackClock "0:00:02"]
[Board "168"]

1. e4 c5 2. c3 Nf6 3. e5 Nd5 4. d4 cxd4 5. cxd4 e6 6. Nc3 Nxc3 7. bxc3 d6 8. f4 Qc7 9. Bd2 dxe5 10. fxe5 Be7 11. Nf3 Bd7 12. Bd3 Bc6 13. O-O Nd7 14. Ng5 Bxg5 15. Bxg5 h6 16. Qh5 Nf8 17. Rf2 g6 18. Qh3 Rh7 19. Bh4 Rg7 20. Bf6 Rh7 21. Raf1 Bd5 22. Rc2 Bc4 23. Bxc4 Qxc4 24. Qf3 Qc6 25. Qxc6+ bxc6 26. Rb1 Nd7 27. Rb7 Nxf6 28. exf6 h5 29. Re7+ Kf8 30. Rb2 Rh6 31. h4 Kg8 32. Rbb7 Rh7 33. Rxa7 Rb8 34. Reb7 Rc8 35. a4 1-0


[Site "https://www.chess.com"]

[Event "Titled Tuesday Blitz August 1 Early 2023"]
[White "Ferro, Mario"]
[Black "Shapiro, Viktor"]
[WhiteFideId "810290"]
[BlackFideId "4175700"]
[WhiteElo "2265"]
[BlackElo "2535"]
[Result "1-0"]
[Round "3"]
[TimeControl "180+1"]
[Date "2023.08.01"]
[WhiteClock "0:01:09"]
[BlackClock "0:01:37"]
[Board "169"]

1. d4 Nf6 2. Nf3 g6 3. g3 Bg7 4. Bg2 O-O 5. O-O d6 6. c4 c5 7. Nc3 Nc6 8. d5 Na5 9. Qd3 a6 10. e4 b5 11. cxb5 axb5 12. e5 Ng4 13. e6 fxe6 14. dxe6 b4 15. Nd5 Bxe6 16. Bg5 Ra7 17. Rfe1 Bf5 18. Nxe7+ Rxe7 19. Qd5+ Ref7 20. Bxd8 Rxd8 21. Ng5 Ne5 22. Rxe5 1-0


[Site "https://www.chess.com"]

[Event "Titled Tuesday Blitz August 1 Early 2023"]
[White "Ibadov, Dashgyn"]
[Black "Andreassen, Lars"]
[WhiteFideId "24107514"]
[BlackFideId "1504878"]
[WhiteElo "2533"]
[BlackElo "2262"]
[Result "1/2-1/2"]
[Round "3"]
[TimeControl "180+1"]
[Date "2023.08.01"]
[WhiteClock "0:00:05"]
[BlackClock "0:00:06"]
[Board "170"]

1. e4 d6 2. d4 Nf6 3. Nc3 e5 4. Nf3 Nbd7 5. a4 Be7 6. Bc4 O-O 7. O-O c6 8. h3 h6 9. Re1 Qc7 10. Be3 a5 11. Ba2 b6 12. d5 Bb7 13. dxc6 Bxc6 14. Nd2 Nc5 15. Bxc5 dxc5 16. Nd5 Qb7 17. Nxf6+ Bxf6 18. Qe2 Rad8 19. Nf1 Bg5 20. Bc4 Rd4 21. f3 Rfd8 22. b3 Qd7 23. c3 Rd6 24. Kh2 Bf4+ 25. g3 Bd2 26. Red1 Bxc3 27. Rxd6 Qxd6 28. Rc1 Bd4 29. Kg2 Qg6 30. Rd1 Kh7 31. Ne3 Qg5 32. Nf5 g6 33. h4 Qf6 34. Nxd4 Rxd4 35. Rxd4 cxd4 36. Bd5 Bxd5 37. exd5 Qd6 38. Qc4 f5 39. Qc6 Qb4 40. Qd7+ Kg8 41. Qe8+ Kg7 42. Qxe5+ Kh7 43. d6 Qd2+ 44. Kh3 Qf2 45. g4 Qf1+ 46. Kg3 Qg1+ 47. Kh3 Qh1+ 48. Kg3 Qg1+ 49. Kh3 Qh1+ 50. Kg3 Qg1+ 1/2-1/2


[Site "https://www.chess.com"]

[Event "Titled Tuesday Blitz August 1 Early 2023"]
[White "Mekhane, Adam"]
[Black "Tqebuchava, Zurab"]
[WhiteFideId "36050601"]
[BlackFideId "13601113"]
[WhiteElo "2533"]
[BlackElo "2257"]
[Result "1-0"]
[Round "3"]
[TimeControl "180+1"]
[Date "2023.08.01"]
[WhiteClock "0:00:04"]
[BlackClock "0:00:00"]
[Board "171"]

1. e4 d6 2. d4 Nf6 3. Nc3 Nbd7 4. Nf3 e5 5. Bc4 Nb6 6. Bb3 Bg4 7. dxe5 Bxf3 8. Qxf3 dxe5 9. O-O Bd6 10. Bg5 O-O 11. Bxf6 Qxf6 12. Qxf6 gxf6 13. a4 a5 14. Nb5 Rac8 15. Rad1 Bc5 16. Rd3 Rfd8 17. Rfd1 Rxd3 18. Rxd3 c6 19. Nd6 Bxd6 20. Rxd6 Kg7 21. g3 Rc7 22. c3 Rd7 23. Rxd7 Nxd7 24. Bc2 Nc5 25. b4 axb4 26. cxb4 Ne6 27. a5 Nd4 28. Bd1 f5 29. exf5 Nxf5 30. Kg2 Nd4 31. f4 Kf6 32. Kf2 Ke6 33. Ke3 f6 34. fxe5 fxe5 35. Ke4 Nb5 36. Bg4+ Kf6 37. Bd7 Nc3+ 38. Kd3 Nd5 39. Kc4 Ne3+ 40. Kc5 e4 41. Bc8 Nc2 42. Bxb7 e3 43. Ba6 Ke5 44. Bf1 Nd4 45. a6 Nb3+ 46. Kxc6 Nd2 47. Be2 Nb3 48. a7 Nd4+ 49. Kb7 Nxe2 50. a8=Q Ke4 51. Qe8+ Kd3 52. Qb5+ Kd2 53. Qd5+ Ke1 54. Qh1+ Kd2 55. Qd5+ Ke1 56. Qd3 Kf2 57. b5 Ng1 58. Qf5+ Nf3 59. Qe4 e2 60. b6 e1=Q 61. Qxe1+ Kxe1 62. Kc7 Nd4 63. b7 Nb5+ 64. Kb6 Nd6 65. b8=Q Nc4+ 66. Kc5 Ne5 67. Qe8 1-0


[Site "https://www.chess.com"]

[Event "Titled Tuesday Blitz August 1 Early 2023"]
[White "Atanasov, Radislav"]
[Black "Fiorito, Francisco"]
[WhiteFideId "2901471"]
[BlackFideId "180165"]
[WhiteElo "2247"]
[BlackElo "2532"]
[Result "0-1"]
[Round "3"]
[TimeControl "180+1"]
[Date "2023.08.01"]
[WhiteClock "0:00:02"]
[BlackClock "0:00:08"]
[Board "172"]

1. e4 c5 2. c3 Nf6 3. e5 Nd5 4. d4 cxd4 5. Nf3 Nc6 6. cxd4 d6 7. Bc4 Nb6 8. Bb5 dxe5 9. Nxe5 Bd7 10. Nxd7 Qxd7 11. O-O e6 12. Qg4 Rd8 13. Nc3 Qxd4 14. Qf3 Qd7 15. Bg5 f6 16. Rad1 Bd6 17. Ne4 Qc7 18. Qh5+ Ke7 19. Be3 Nd5 20. Bxc6 Nxe3 21. fxe3 Qxc6 22. Qg4 Rhg8 23. Rxd6 Rxd6 24. Nxf6 gxf6 25. Qxg8 f5 26. Qxh7+ Kd8 27. Qh8+ Kc7 28. Qe5 Kb6 29. h4 Rd2 30. Qf4 Qxg2# 0-1


[Site "https://www.chess.com"]

[Event "Titled Tuesday Blitz August 1 Early 2023"]
[White "Wartiovaara, Oliver"]
[Black "Quirke, Jeffrey"]
[WhiteFideId "513024"]
[BlackFideId "2013029"]
[WhiteElo "2532"]
[BlackElo "2245"]
[Result "1-0"]
[Round "3"]
[TimeControl "180+1"]
[Date "2023.08.01"]
[WhiteClock "0:01:21"]
[BlackClock "0:00:01"]
[Board "173"]

1. Nc3 e6 2. d4 d5 3. Bf4 a6 4. e4 dxe4 5. Nxe4 Nd7 6. Nf3 Ngf6 7. Nxf6+ Nxf6 8. Bd3 Be7 9. O-O O-O 10. Ne5 c5 11. dxc5 Bxc5 12. Qf3 Ra7 13. Rad1 Qe7 14. Qh3 Rd8 15. Bg5 h6 16. Bxh6 gxh6 17. Qxh6 Bd4 18. Rfe1 Bxe5 19. Rxe5 Rd5 20. Re3 Rh5 21. Rg3+ 1-0


[Site "https://www.chess.com"]

[Event "Titled Tuesday Blitz August 1 Early 2023"]
[White "Fudalej, Michal"]
[Black "Vyatkin, Dmitry"]
[WhiteFideId "1118781"]
[BlackFideId "4171900"]
[WhiteElo "2242"]
[BlackElo "2531"]
[Result "1/2-1/2"]
[Round "3"]
[TimeControl "180+1"]
[Date "2023.08.01"]
[WhiteClock "0:00:31"]
[BlackClock "0:00:06"]
[Board "174"]

1. Nf3 Nf6 2. g3 g6 3. Bg2 Bg7 4. c4 O-O 5. Nc3 d6 6. O-O Nc6 7. Rb1 a5 8. d3 e5 9. a3 h6 10. b4 axb4 11. axb4 Be6 12. b5 Ne7 13. Bb2 Qd7 14. Re1 Nh5 15. Qb3 f5 16. Ra1 g5 17. Rxa8 Rxa8 18. Ra1 Rxa1+ 19. Bxa1 f4 20. Nd2 b6 21. Qa4 g4 22. Qa8+ Kf7 23. Nd5 Nf6 24. gxf4 Bxd5 25. cxd5 exf4 26. Ne4 Nxe4 27. Bxg7 Ng5 28. Bxh6 Kg6 29. Bxg5 Kxg5 30. Qf8 Ng6 31. Qg8 f3 32. exf3 gxf3 33. Bxf3 Qf5 34. Kg2 Kh6 35. Qe6 Qg5+ 36. Kf1 Qc1+ 37. Kg2 Qg5+ 38. Kf1 Qc1+ 39. Kg2 Qg5+ 1/2-1/2


[Site "https://www.chess.com"]

[Event "Titled Tuesday Blitz August 1 Early 2023"]
[White "Heinemann, Josefine"]
[Black "Vafin, Ayrat"]
[WhiteFideId "12900460"]
[BlackFideId "4146530"]
[WhiteElo "2531"]
[BlackElo "2234"]
[Result "1-0"]
[Round "3"]
[TimeControl "180+1"]
[Date "2023.08.01"]
[WhiteClock "0:00:38"]
[BlackClock "0:00:05"]
[Board "175"]

1. e4 e5 2. Nf3 Nf6 3. Nxe5 d6 4. Nf3 Nxe4 5. d4 d5 6. Bd3 Nc6 7. O-O Be7 8. Nbd2 Bf5 9. Re1 Nxd2 10. Qxd2 Bxd3 11. Qxd3 O-O 12. c3 Qd7 13. Bf4 Rae8 14. a4 a5 15. Qb5 b6 16. h3 Bd8 17. Bg3 f6 18. Kf1 Rxe1+ 19. Rxe1 Rf7 20. b4 Kf8 21. h4 Re7 22. Rxe7 Kxe7 23. h5 Qe6 24. Bf4 Kf7 25. Be3 Be7 26. Bd2 g6 27. c4 Nxb4 28. Bxb4 Bxb4 29. cxd5 Qe7 30. h6 Qe8 31. Qc4 Qe7 32. d6+ Qe6 33. Qxc7+ Kf8 34. d7 Be7 35. d8=Q+ Bxd8 36. Qxd8+ Kf7 37. d5 Qe4 38. Qd7+ Kf8 39. Qc8+ Ke7 40. Qc7+ Kf8 41. d6 Qb1+ 42. Ne1 1-0


[Site "https://www.chess.com"]

[Event "Titled Tuesday Blitz August 1 Early 2023"]
[White "Ramu, K."]
[Black "Ismagilov, Damir"]
[WhiteFideId "5006171"]
[BlackFideId "34199982"]
[WhiteElo "2225"]
[BlackElo "2531"]
[Result "0-1"]
[Round "3"]
[TimeControl "180+1"]
[Date "2023.08.01"]
[WhiteClock "0:00:00"]
[BlackClock "0:00:02"]
[Board "176"]

1. e4 e5 2. f4 exf4 3. Bc4 d5 4. Bxd5 Nf6 5. Nc3 Bb4 6. Qf3 O-O 7. Nge2 g5 8. h3 Nbd7 9. O-O Ne5 10. Qf2 c6 11. Bb3 Be6 12. d4 Ng6 13. Bd2 Qe7 14. Rae1 Rad8 15. a3 Ba5 16. d5 Bb6 17. Nd4 c5 18. Na4 cxd4 19. Nxb6 axb6 20. dxe6 fxe6 21. Bb4 Qd7 22. Bxf8 Rxf8 23. Rd1 Rd8 24. Qe2 Kg7 25. c3 e5 26. cxd4 exd4 27. e5 Ne8 28. e6 Qe7 29. Rfe1 Nf6 30. Qc4 f3 31. gxf3 Nf4 32. Rxd4 Rxd4 33. Qxd4 Nxh3+ 34. Kh2 Nf4 35. Rg1 Ng6 36. Rxg5 Qc7+ 37. f4 h6 38. Rg3 Qe7 39. Qe5 Kh7 40. Qd4 Nh5 41. Qf2 Qh4+ 42. Kg1 Nxg3 43. Qg2 Qxf4 44. Kh2 Nf5+ 0-1


[Site "https://www.chess.com"]

[Event "Titled Tuesday Blitz August 1 Early 2023"]
[White "Hrescak, Ivana"]
[Black "Palczert, Matyas"]
[WhiteFideId "14613441"]
[BlackFideId "784958"]
[WhiteElo "2216"]
[BlackElo "2531"]
[Result "0-1"]
[Round "3"]
[TimeControl "180+1"]
[Date "2023.08.01"]
[WhiteClock "0:00:00"]
[BlackClock "0:00:13"]
[Board "177"]

1. e4 c5 2. Nf3 Nf6 3. e5 Nd5 4. c3 d6 5. d4 cxd4 6. cxd4 Nc6 7. Bc4 Nb6 8. Bb3 dxe5 9. dxe5 Qxd1+ 10. Bxd1 Bd7 11. O-O g6 12. Nc3 Bg7 13. Re1 O-O 14. h3 h6 15. Bf4 Be6 16. Nb5 Nd5 17. Bg3 Bd7 18. Bb3 e6 19. Nd6 Na5 20. Bxd5 exd5 21. b4 Nc4 22. Nxb7 Bf5 23. Nd6 Nxd6 24. exd6 Bxa1 25. Rxa1 Rac8 26. Nd4 Rc4 27. Nxf5 gxf5 28. Rd1 f4 29. Bh4 f6 30. Rxd5 Kf7 31. Ra5 Rd8 32. Rxa7+ Kg6 33. d7 f3 34. Bg3 Rxb4 35. gxf3 Rd4 36. a4 R8xd7 37. Rxd7 Rxd7 38. Bb8 Rb7 39. Bd6 Ra7 40. Bc5 Rxa4 41. Be3 Kh5 42. Kg2 f5 43. Kg3 Kg6 44. Bf4 h5 45. Be3 h4+ 46. Kg2 Kf7 0-1


[Site "https://www.chess.com"]

[Event "Titled Tuesday Blitz August 1 Early 2023"]
[White "NigelDwarf"]
[Black "ChesscularGodofchess"]
[WhiteElo "2526"]
[BlackElo "2210"]
[Result "1/2-1/2"]
[Round "3"]
[TimeControl "180+1"]
[Date "2023.08.01"]
[WhiteClock "0:00:05"]
[BlackClock "0:00:15"]
[Board "178"]

1. Nf3 d5 2. c4 c6 3. e3 Nf6 4. Nc3 Nbd7 5. Qc2 e5 6. cxd5 Nxd5 7. Bc4 N7b6 8. Bxd5 Nxd5 9. Nxe5 Qg5 10. Nxd5 cxd5 11. Qa4+ Ke7 12. Qf4 Qxf4 13. exf4 Bf5 14. O-O f6 15. Nf3 Rc8 16. Nd4 Bd3 17. Re1+ Kf7 18. b3 Bd6 19. Re3 Bc2 20. g3 Be4 21. Bb2 Rhe8 22. Rae1 g5 23. fxg5 fxg5 24. f3 Bg6 25. Rxe8 Rxe8 26. Rxe8 Kxe8 27. Kf2 a6 28. Ke3 Kd7 29. Bc3 b5 30. Ne2 Kc6 31. Bf6 h6 32. h3 Bc5+ 33. Bd4 Bf8 34. g4 b4 35. d3 a5 36. f4 Be7 37. f5 Be8 38. Bg7 h5 39. f6 Bd6 40. gxh5 Bxh5 41. Nd4+ Kd7 42. Nf5 Bf4+ 43. Kd4 Ke6 44. Nh6 Be5+ 45. Kc5 Bxf6 46. Bxf6 Kxf6 47. Kxd5 Bg6 48. Ng4+ Ke7 49. Kc4 Kd6 50. d4 Bb1 51. Kb5 Bxa2 52. Kxa5 Bxb3 53. Kxb4 Be6 54. Kc3 Bf5 55. Kc4 Be4 56. Nf6 Bf3 57. d5 Bg2 58. Kd4 Bxh3 59. Ne4+ Ke7 60. Nxg5 Bg4 61. Ke5 Kd7 62. d6 Bh5 63. Ne4 Bf7 64. Nf6+ Kd8 65. d7 Bb3 66. Kd6 Ba4 67. Ke6 Bxd7+ 1/2-1/2


[Site "https://www.chess.com"]

[Event "Titled Tuesday Blitz August 1 Early 2023"]
[White "SmirnovAlexandrA"]
[Black "le-castor-faineant"]
[WhiteElo "2523"]
[BlackElo "2194"]
[Result "1-0"]
[Round "3"]
[TimeControl "180+1"]
[Date "2023.08.01"]
[WhiteClock "0:01:13"]
[BlackClock "0:00:03"]
[Board "179"]

1. e4 e5 2. d4 exd4 3. Qxd4 Nc6 4. Qe3 d6 5. Nc3 Nf6 6. Bd2 g6 7. f4 Bg7 8. O-O-O O-O 9. Nf3 a6 10. h3 b5 11. g4 b4 12. Ne2 Re8 13. Ng3 Nxe4 14. Nxe4 d5 15. Ne5 Nxe5 16. fxe5 dxe4 17. Bc4 Be6 18. Bxb4 Qc8 19. Qxe4 Bxc4 20. Qxc4 Bxe5 21. Rhf1 Qe6 22. Qxe6 Rxe6 23. Rd7 f6 24. c4 Rb8 25. Ba3 g5 26. Kc2 Bf4 27. Rf2 Rbe8 28. Bc5 Re2+ 29. Kc3 Rxf2 30. Bxf2 Re2 31. Bd4 Rh2 32. Bxf6 Rxh3+ 33. Kb4 Rg3 34. Kc5 Rxg4 35. b4 Rg2 36. a4 h5 37. b5 axb5 38. cxb5 h4 39. a5 h3 40. a6 h2 41. Rg7+ Kf8 42. Rh7 Ra2 43. Kc6 Be3 44. Kb7 Ra1 45. Bxa1 1-0


[Site "https://www.chess.com"]